 Dungeon Crawl Stone Soup version 0.28-a0-664-gc179e30c89 (webtiles) character file.

Game seed: 8444490710457037518

1432 Irenicus the Cleaver (level 8, 0/68 HPs)
             Began as a Deep Dwarf Berserker on Oct 15, 2021.
             Was a Believer of Trog.
             Slain by a water moccasin (2 damage)
             ... on level 5 of the Dungeon.
             The game lasted 00:15:37 (2599 turns).

Irenicus the Cleaver (Deep Dwarf Berserker)         Turns: 2599, Time: 00:15:37

Health: 0/68       AC:  9    Str: 21    XL:     8   Next: 45%
Magic:  8/8        EV: 11    Int:  8    God:    Trog [**....]
Gold:   187        SH:  0    Dex: 14    Spells: 7/7 levels left

rFire   . . .      SeeInvis .   a - +0 hand axe
rCold   . . .      Faith    .   (no shield)
rNeg    . . .      Spirit   .   u - +0 ring mail
rPois   .          Reflect  .   k - +0 helmet
rElec   .          Harm     .   i - +0 cloak
rCorr   .          Rampage  .   j - +1 pair of gloves
Will    +....                   (no boots)
Stlth   +.........              (no amulet)
HPRegen 0.00/turn               (no ring)
MPRegen 0.11/turn               (no ring)

@: lethally poisoned (0 -> 0), on berserk cooldown, slowed, very slow
A: damage resistance, heal wounds, sense surroundings 1, no regeneration
a: Heal Wounds, Renounce Religion, Berserk, Trog's Hand


You were on level 5 of the Dungeon.
You worshipped Trog.
Trog was pleased with you.
You visited 2 branches of the dungeon, and saw 6 of its levels.

You collected 187 gold pieces.


Innate Abilities, Weirdness & Mutations

You are resistant to damage.
You can heal yourself by infusing magical energy.
You passively map a small area around you.
You do not regenerate.


   Skills:
 - Level 2.6 Fighting
 + Level 11.9 Axes
 - Level 2.1 Armour
 - Level 2.1 Dodging


You had 7 spell levels left.
You didn't know any spells.
Your spell library was empty.

Inventory:

Hand Weapons
 a - a +0 hand axe (weapon)
Armour
 i - a +0 cloak (worn)
 j - a +1 pair of gloves (worn)
 k - a +0 helmet (worn)
 u - a +0 ring mail (worn)
Wands
 b - a wand of paralysis (4)
Scrolls
 c - a scroll of brand weapon {unknown}
 d - 2 scrolls of enchant armour {unknown}
 e - 2 scrolls of fear {unknown}
 f - a scroll of blinking {unknown}
 g - 4 scrolls of identify {unknown}
 l - a scroll of acquirement {unknown}
 n - a scroll of holy word {unknown}
 p - 2 scrolls of enchant weapon {unknown}
 q - 3 scrolls of magic mapping {unknown}
 r - a scroll of teleportation {@r2}
 s - a scroll of fog {unknown}
 t - a scroll of amnesia {unknown}
Potions
 h - 2 potions of curing {@q1}
 o - a potion of cancellation {unknown}

Dungeon Overview and Level Annotations

Branches:
Dungeon (5/15)             Temple (1/1) D:5

Altars:
Fedhas
Makhleb
Nemelex Xobeh
Okawaru
Qazlal
Sif Muna
Yredelemnul
Lugonu

Shops:
D:1

!!? ,
#.#.##.# * ,
#.#.##.# **
*####.#.##.#
, , ,
....#.##.# *
, * #..#.##.#
#..#.##.#
#.###.......#
#....S...####
#####@####
........#
#########


You could see a water moccasin.


Message History

The iguana is almost dead.
The iguana barely misses you.
You slash the iguana!
You kill the iguana!
Trog accepts your kill.
You see here an iguana corpse.
Found a helmet.
You feel a strong urge to attack something.
You feel your anger nearly subside.
You are no longer berserk.
You are exhausted.
You feel yourself slow down.
You see here a +0 helmet.
You finish putting on your +0 helmet.
A water moccasin comes into view.
The water moccasin hisses angrily.
The water moccasin barely misses you. The water moccasin bites you!
* * * LOW HITPOINT WARNING * * *
You hit the water moccasin.
The water moccasin is lightly wounded.
The water moccasin misses you. The water moccasin bites you!
* * * LOW HITPOINT WARNING * * *
Use which ability? (? or * to list)
You fail to use your ability.
The water moccasin bites you.
* * * LOW HITPOINT WARNING * * *
You are poisoned.
The water moccasin poisons you! The water moccasin bites you.
You die...

Skill      XL: |  1  2  3  4  5  6  7  8 |
---------------+-------------------------+-----
Axes           | 4 6 9 10 11 | 11.9
Fighting       | |  2.6
Armour         | |  2.1
Dodging        | |  2.1

Action                   |  1- 3 |  4- 6 |  7- 9 || total
-------------------------+-------+-------+-------++-------
Melee: Hand axe          |    77 |    80 |   128 ||   285
Throw: Throwing net      |     1 |     2 |     1 ||     4
Invok: Berserk           |     2 |     7 |     5 ||    14
       Trog's Hand       |       |       |     4 ||     4
  Use: Potion            |       |       |     6 ||     6
       Scroll            |       |       |     1 ||     1
Armor: Animal skin       |    25 |    22 |       ||    47
       Ring mail         |       |     6 |    34 ||    40
Dodge: Dodged            |    66 |    51 |    55 ||   172

Levels and vault maps discovered:
D:1:      zelgadis_glass_arrival_small, layout_loops_cross, serial_shops,
          nicolae_shop_behind_doors, shop, shop,
          hellmonk_ecumenical_altar_watching_god, serial_bayou,
          serial_bayou_pond_d, serial_bayou_pond_c, serial_bayou_pond_b,
          serial_bayou_pond_c, serial_bayou_pond_e, serial_bayou_pond_b
D:2:      layout_loops_ring, basic_altar
D:3:      layout_loops_corners, kennysheep_minor_cross
D:4:      layout_basic, fedhas_altar_3
D:5:      layout_loops_corners, nicolae_qazlal_eye_of_the_storm,
          minmay_temple_entry_tees, roderic_serpentine_path,
          minmay_statues_item, uniq_pikel
Temple:   corrupted_temple

Notes
Turn   | Place    | Note
-------+----------+-------------------------------------------
     0 | D:1      | Irenicus the Deep Dwarf Berserker began the quest for the
                  | Orb.
     0 | D:1      | Reached XP level 1. HP: 20/20 MP: 1/1
    10 | D:1      | Found Wedycig's Magic Scroll Shop.
   180 | D:1      | Found a faded altar of an unknown god.
   181 | D:1      | Noticed a floating eye
   183 | D:1      | Noticed an eye of devastation
   183 | D:1      | Noticed a floating eye
   183 | D:1      | Noticed a floating eye
   232 | D:1      | Found Temaw's Distillery.
   259 | D:1      | Found Ogisor's Distillery.
   306 | D:1      | Reached skill level 4 in Axes
   306 | D:1      | Reached XP level 2. HP: 24/27 MP: 2/2
   602 | D:2      | Reached ** piety under Trog
   603 | D:2      | Reached XP level 3. HP: 27/33 MP: 3/3
   632 | D:2      | Noticed a black bear
   643 | D:2      | Killed a black bear
   644 | D:2      | Reached skill level 6 in Axes
   644 | D:2      | Reached XP level 4. HP: 40/40 MP: 4/4
   725 | D:2      | Reached XP level 5. HP: 29/46 MP: 5/5
   882 | D:2      | Found a basalt altar of Yredelemnul.
  1628 | D:4      | Found a blossoming altar of Fedhas.
  2012 | D:5      | Entered Level 5 of the Dungeon
  2019 | D:5      | Reached skill level 7 in Axes
  2049 | D:5      | Found a staircase to the Ecumenical Temple.
  2050 | D:5      | Noticed a lemure
  2050 | D:5      | Noticed a lemure
  2051 | D:5      | Noticed Pikel
  2051 | D:5      | Noticed a necrophage
  2055 | D:5      | Noticed a lemure
  2060 | D:5      | Noticed a lemure
  2073 | D:5      | Killed Pikel
  2074 | D:5      | Reached skill level 9 in Axes
  2074 | D:5      | Reached XP level 6. HP: 16/55 MP: 6/6
  2074 | D:5      | Reached XP level 7. HP: 17/61 MP: 7/7
  2099 | D:5      | Reached skill level 10 in Axes
  2174 | D:5      | HP: 2/56 [wight (7)]
  2180 | D:5      | HP: 5/53 [wight (11)]
  2183 | D:5      | Reached XP level 8. HP: 6/59 MP: 8/8
  2230 | D:5      | Reached skill level 11 in Axes
  2307 | D:5      | Found a stormy altar of Qazlal.
  2334 | Temple   | Entered the Ecumenical Temple
  2598 | D:5      | HP: 3/68 [water moccasin (6)]
  2599 | D:5      | Slain by a water moccasin

Vanquished Creatures
  Pikel (D:5)
  2 ice beasts (D:5)
  A sky beast (D:5)
  A black bear (D:2)
  A necrophage (D:5)
  4 wights (D:5)
  An orc priest (D:5)
  A hound (D:5)
  A jelly (D:5)
  A gnoll shaman (D:5)
  3 iguanas (D:5)
  An orc wizard (D:5)
  A hound skeleton (D:4)
  4 gnolls (D:5)
  4 adders
  2 worms (D:2)
  3 dart slugs
  8 orcs
  6 bats
  3 endoplasms
  2 giant cockroaches
  A goblin (D:1)
  2 hobgoblins
  3 jackals (D:3)
  6 quokkas
  5 ball pythons
  3 frilled lizards
  2 kobolds
  6 rats
79 creatures vanquished.

Vanquished Creatures (others)
  3 fungi (D:4)
  3 plants
6 creatures vanquished.

Grand Total: 85 creatures vanquished

Table legend: (Time is in decaauts)
 A = Elapsed time spent in this place.
 B = Non-inter-level travel time spent in this place.
 C = Inter-level travel time spent in this place.
 D = Time resting spent in this place.
 E = Time spent auto-exploring this place.
 F = Levels seen in this place.
 G = Mean time per level.
                   A        B        C        D        E       F      G
               +--------+--------+--------+--------+--------+-----+--------+
         Total |   2728 |   2624 |    104 |      0 |     18 |   6 |  454.7 |
       Dungeon |   2711 |   2607 |    104 |      0 |     18 |   5 |  542.2 |
        Temple |     17 |     17 |      0 |      0 |      0 |   1 |   17.0 |
               +--------+--------+--------+--------+--------+-----+--------+

Top non-repeatable levels by time:
     D:5: 598 daAuts
     D:3: 589 daAuts
     D:1: 585 daAuts
     D:4: 513 daAuts
     D:2: 424 daAuts
  Temple: 17 daAuts

Table legend:
 A = Non-vault XP
 B = Vault XP
 C = Vault XP percentage of total XP
 D = Non-vault monster count
 E = Vault monster count
 F = Vault count percentage of total count
                 A         B        C        D         E       F
            +---------+---------+-------+---------+---------+-------
      Total |    1387 |     659 |  32.2 |      68 |      11 |  13.9
            +---------+---------+-------+---------+---------+-------
        D:1 |      18 |      18 |  50.0 |      11 |      10 |  47.6
        D:2 |     175 |       0 |   0.0 |      14 |       0 |   0.0
        D:3 |      17 |       0 |   0.0 |       9 |       0 |   0.0
        D:4 |      50 |       0 |   0.0 |       6 |       0 |   0.0
        D:5 |    1127 |     641 |  36.3 |      28 |       1 |   3.4
            +---------+---------+-------+---------+---------+-------
